Map: Catalyst LE

Players

MaSa

  • Race: Terran Terran
  • Spawn Location: 5:00

SortOf - Winner!

  • Race: Zerg Zerg
  • Spawn Location: 11:00

Event: WCS Leipzig 2018

VOD

Have the link to the VOD?

Description

Time

  • Played on: Jan. 26, 2018, 1:38 p.m.
  • Length: 7:27

All games in this series

Show
View Real Time Build Order
Export as new Build Order

MaSa Terran 

Build Orders: Gas First Reaper Expand, Reaper Expand 

Get SALT Encoding   

  12  0:00  SCV  
  13  0:12  SCV  
  14  0:19  Supply Depot  
  14  0:24  SCV  
  15  0:34  Refinery  
  15  0:40  SCV  
  16  0:44  Barracks  
  16  0:53  SCV  
  17  1:05  SCV  
  18  1:17  SCV  
  19  1:31  Orbital Command, Reaper  
  20  1:44  Command Center  
  20  1:56  Factory  
  20  1:58  SCV  
  21  2:04  Refinery  
  21  2:11  Barracks Reactor  
  21  2:15  Supply Depot  
  21  2:17  SCV  
  22  2:29  SCV  
  23  2:41  Starport  
  23  2:43  SCV  
  24  2:55  SCV  
  24  2:56  Barracks Tech Lab, Orbital Command  
  24  2:57  Hellion  
  29  3:07  SCV  
  29  3:08  Cyclone  
  31  3:15  Bunker  
  31  3:24  SCV  
  32  3:28  Banshee  
  32  3:30  Marine  
  32  3:32  SCV  
  37  3:43  Cyclone  
  37  3:47  Marine  
  41  3:55  Supply Depot x2  
  40  4:16  Supply Depot, Viking  
  40  4:17  SCV x2  
  44  4:29  SCV x2  
  46  4:37  Barracks Tech Lab, Cyclone  
  49  4:39  Supply Depot  
  49  4:41  SCV x2  
  51  4:51  Banshee  
  54  4:56  Stimpack  
  54  4:58  Supply Depot  
  54  5:00  SCV x2, Marine  
  57  5:10  Factory Tech Lab  
  57  5:12  SCV  
  58  5:14  SCV  
  56  5:24  SCV  
  56  5:27  Marine  
  58  5:32  SCV  
  58  5:35  Command Center, Engineering Bay x2  
  59  5:37  SCV  
  59  5:40  Barracks, Siege Tank  
  61  5:44  SCV  
  61  5:48  Marine  
  61  5:49  SCV  
  64  5:56  SCV  
  64  5:57  Starport Reactor  
  65  5:59  Refinery  
  65  6:00  Refinery  
  65  6:01  SCV  
  65  6:02  Barracks  
  66  6:06  Marine  
  66  6:09  Supply Depot  
  66  6:10  SCV  
  68  6:12  Siege Tank  
  68  6:16  Bunker  
  68  6:22  SCV  
  68  6:24  Marine  
  70  6:31  Marine  
  70  6:32  SCV  
  72  6:33  Supply Depot  
  72  6:38  SCV  
  73  6:48  Barracks  
  73  6:49  Barracks  
  73  6:53  Marine x3  
  76  6:55  SCV x2  
Show
View Real Time Build Order
Export as new Build Order

SortOf Zerg - Winner!

Build Orders: Pool First 

Get SALT Encoding   

  12  0:00  Drone  
  13  0:13  Overlord  
  13  0:16  Drone  
  14  0:31  Drone x2  
  16  0:36  Drone  
  17  0:43  Extractor  
  17  0:45  Drone  
  17  0:51  Spawning Pool  
  17  0:56  Drone  
  17  1:07  Drone  
  18  1:20  Hatchery  
  18  1:24  Drone  
  18  1:38  Zergling x2  
  19  1:41  Roach Warren  
  18  1:49  Queen  
  20  1:54  Drone  
  20  1:57  Drone  
  22  2:04  Overlord  
  22  2:17  Overlord  
  22  2:24  Roach  
  22  2:27  Queen  
  26  2:36  Roach  
  28  2:37  Roach  
  30  2:45  Roach  
  30  2:46  Roach  
  34  2:54  Roach  
  36  2:59  Overlord  
  36  3:03  Ravager  
  36  3:04  Ravager  
  36  3:05  Drone  
  39  3:10  Drone  
  40  3:13  Drone  
  41  3:23  Drone x2  
  43  3:28  Drone  
  43  3:31  Drone x2  
  46  3:40  Ravager, Drone  
  47  3:45  Drone x2  
  47  3:51  Drone x2  
  47  3:55  Drone x2  
  49  4:04  Drone x2  
  49  4:06  Drone  
  52  4:12  Overlord  
  52  4:15  Queen  
  49  4:21  Roach  
  49  4:23  Drone  
  49  4:24  Drone, Extractor x2  
  52  4:30  Roach  
  50  4:32  Drone x3  
  50  4:34  Roach  
  55  4:43  Drone x2, Spore Crawler  
  56  4:49  Pneumatized Carapace, Hatchery  
  56  4:52  Queen  
  55  4:59  Overlord, Evolution Chamber  
  56  5:03  Metabolic Boost  
  56  5:04  Overlord  
  56  5:29  Roach x6  
  56  5:30  Overlord  
  56  5:32  Overlord  
  68  5:36  Overlord  
  68  5:42  Overlord  
  68  5:47  Hatchery, Queen  
  68  5:49  Overlord  
  70  5:50  Roach  
  70  5:55  Queen  
  74  5:57  Ravager x2  
  74  6:00  Roach  
  74  6:03  Zergling x6  
  81  6:05  Zergling x2  
  82  6:15  Ravager x2  
  82  6:16  Zergling x8  
  82  6:18  Zergling x4  
  90  6:21  Overlord  
  90  6:22  Ravager  
  90  6:24  Zergling x2  
  92  6:29  Zergling x2  
  93  6:37  Zergling x2  
  91  6:40  Zergling x2  
  91  6:42  Ravager x2  
  94  6:49  Zergling x4  
  88  6:54  Ravager  
  87  7:08  Roach x2  
Tags
 
Add a new tag
Caveats
  • Supply blocks, unpowered buildings, or Contaminate may cause inaccurate times.
  • Supply counts are checked every 10 seconds.